 Dungeon Crawl Stone Soup version 0.18.1-8-gdd0e5ea (webtiles) character file.

1285 juanjsm the Covert (level 8, -6/37 HPs)
             Began as a Spriggan Enchanter on June 1, 2016.
             Was a Follower of Ashenzari.
             Mangled by a gnoll sergeant
             ... wielding a +0 trident
              (16 damage)
             ... on level 5 of the Dungeon.
             The game lasted 00:22:51 (4077 turns).

juanjsm the Covert (Spriggan Enchanter)             Turns: 4077, Time: 00:22:51

Health: -6/37      AC: -1    Str:  4    XL:     8   Next: 29%
Magic:  5/17       EV: 21    Int: 19    God:    Ashenzari [*.....]
Gold:   211        SH:  0    Dex: 16    Spells: 4 memorised, 9 levels left

rFire  . . .     SeeInvis +     k - +2 dagger (speed) (curse)
rCold  . . .     Gourm    .     b - +1 robe (curse)
rNeg   . . .     Faith    .     (shield restricted)
rPois  +         Spirit   .     (helmet restricted)
rElec  .         Dismiss  .     (no cloak)
rCorr  .         Reflect  .     (gloves unavailable)
SustAt .         Harm     .     (boots unavailable)
MR     +....                    (no amulet)
Stlth  +++++.....               (no ring)
                                v - ring of poison resistance

@: corroded, very quick, somewhat resistant to hostile enchantments, quite
stealthy
A: unfitting armour, see invisible, herbivore 3, speed 3, slow metabolism 2
a: Curse Item, Scrying, Renounce Religion


You were on level 5 of the Dungeon.
You worshipped Ashenzari.
Ashenzari was aware of your devotion.
You were hungry.

You visited 1 branch of the dungeon, and saw 6 of its levels.
You also visited: Sewer.

You collected 211 gold pieces.

Inventory:

Hand Weapons
 k - a cursed +2 dagger of speed (weapon)
Armour
 b - a cursed +1 robe (worn)
 e - a +0 buckler
Jewellery
 v - a ring of poison resistance (left hand)
Wands
 n - a wand of digging (8/24)
Scrolls
 h - a scroll of random uselessness {unknown}
 i - a scroll of recharging {unknown}
 l - 2 scrolls of enchant weapon {unknown}
 m - a scroll of identify
 o - 2 scrolls of remove curse
 p - a scroll of teleportation {unknown}
 r - 2 scrolls of magic mapping {unknown}
 u - a scroll of fear {unknown}
 x - 2 scrolls of immolation {unknown}
 y - a scroll of fog {unknown}
 A - a scroll of enchant armour {unknown}
Potions
 f - 4 potions of brilliance
 g - 2 potions of invisibility {unknown}
 j - a potion of berserk rage
 q - a potion of cancellation
 t - a potion of heal wounds
 w - a potion of flight {unknown}
 z - a potion of curing {unknown}
Books
 c - a book of Maledictions

   Spells                             Type                      Level
   a - Corona                         Hexes                        1
   b - Ensorcelled Hibernation        Hexes/Ice                    2
   c - Confuse                        Hexes                        3
   d - Tukima's Dance                 Hexes                        3
   e - Dazzling Spray                 Conjuration/Hexes            3
Comestibles
 a - 2 slices of pizza
 d - 6 bread rations


   Skills:
 + Level 0.7 Fighting
 * Level 3.8 Short Blades
 * Level 6.3 Dodging
 * Level 9.2 Stealth
 * Level 2.4 Shields
 * Level 5.7 Spellcasting
 + Level 5.2 Hexes
 + Level 1.2 Ice Magic


You had 9 spell levels left.
You knew the following spells:

 Your Spells              Type           Power        Failure   Level  Hunger
a - Corona                Hex            ####...      1%          1    None
b - Ensorcelled Hibernat  Hex/Ice        ###...       6%          2    None
c - Confuse               Hex            ####....     4%          3    ##.....
d - Dazzling Spray        Conj/Hex       ###.....     12%         3    ##.....


Dungeon Overview and Level Annotations

Branches:
Dungeon (6/15)
 Temple: D:4-7

Altars:
Ashenzari
Makhleb
Nemelex Xobeh
Okawaru
Trog
Zin
The Shining One


Innate Abilities, Weirdness & Mutations

You are tiny and cannot use many weapons and most armour.
You have supernaturally acute eyesight.
You are a herbivore.
You cover ground extremely quickly.
You need consume almost no food.


Message History

Press: ? - help, Shift-Dir - straight line, f - gnoll
Aim: a gnoll, wielding a whip (chance to defeat MR: 56%)
The gnoll resists with significant effort.
Casting: Ensorcelled Hibernation
Confirm with . or Enter, or press ? or * to list all spells.
Aiming: Ensorcelled Hibernation
Press: ? - help, Shift-Dir - straight line, f/p - gnoll
Aim: a gnoll, wielding a whip (chance to defeat MR: 56%)
The gnoll looks drowsy...
The gnoll sergeant misses you.
The helpless gnoll fails to defend itself.
You perforate the gnoll like a sieve!!!
You kill the gnoll!
Casting: Ensorcelled Hibernation
Confirm with . or Enter, or press ? or * to list all spells.
Aiming: Ensorcelled Hibernation
Press: ? - help, Shift-Dir - straight line, f - gnoll sergeant
Aim: a gnoll sergeant, wielding a trident, wearing a glowing scale mail and wearing a buckler (chance to defeat MR: 48%)
The gnoll sergeant resists with some effort.
The gnoll sergeant hits you from afar with a trident!
You die...

#####....................#....
#...#................###..####
#...#.........................
#...#......# #.....# #........
#.(.#)....####.....###.###W)..
#.....S.......>..>.....# #....
#......#######>....##### #W...
#...##########.....#######S...
#S.(# #.†.g)@.........S..S...
####.####
#.#################....
.......g###†# #....
....))ggg†g.# #####
......)w##### ........#
..<..)..# #########


You could see a gnoll sergeant.

Vanquished Creatures
  Eustachio (D:4)
  Edmund (D:4)
  Purgy (Sewer)
  A phantom (D:5)
  2 ogres
  A centaur (D:5)
  4 hounds
  A centaur skeleton (D:5)
  An orc priest (D:4)
  2 jellies (D:5)
  2 orc wizards
  3 worker ants
  7 gnolls (D:5)
  9 adders
  An adder skeleton (D:4)
  A worm (D:4)
  A dart slug (D:2)
  4 giant geckos
  5 orcs
  2 giant cockroaches
  6 goblins
  14 hobgoblins
  7 jackals
  7 kobolds
  A quokka (D:4)
  5 ball pythons
  6 bats
  9 giant newts
  A jackal skeleton (D:4)
  3 rats
109 creatures vanquished.

Notes
Turn   | Place    | Note
--------------------------------------------------------------
     0 | D:1      | juanjsm the Spriggan Enchanter began the quest for the Orb.
     0 | D:1      | Reached XP level 1. HP: 9/9 MP: 5/5
   314 | D:1      | Reached XP level 2. HP: 3/13 MP: 3/6
   637 | D:1      | Learned a level 2 spell: Ensorcelled Hibernation
  1120 | D:2      | Found a sparkling altar of Nemelex Xobeh.
  1121 | D:2      | Found a glowing golden altar of the Shining One.
  1124 | D:2      | Found an iron altar of Okawaru.
  1125 | D:2      | Found a bloodstained altar of Trog.
  1188 | D:2      | Reached XP level 3. HP: 16/16 MP: 1/8
  1193 | D:2      | Learned a level 3 spell: Confuse
  1220 | D:2      | Found a shattered altar of Ashenzari.
  1257 | D:2      | Reached skill level 5 in Stealth
  1315 | D:2      | Became a worshipper of Ashenzari the Shackled
  1702 | D:4      | Noticed Eustachio
  1724 | D:4      | Found a burning altar of Makhleb.
  1730 | D:4      | Found a glowing silver altar of Zin.
  1730 | D:4      | Noticed an angel
  1731 | D:4      | Noticed a green death
  1740 | D:4      | Reached XP level 4. HP: 21/21 MP: 2/10
  1745 | D:4      | Learned a level 3 spell: Dazzling Spray
  1926 | D:4      | Found a glowing drain.
  1931 | Sewer    | Entered a sewer
  2087 | Sewer    | Noticed Purgy
  2103 | Sewer    | Killed Purgy
  2103 | Sewer    | Reached skill level 6 in Stealth
  2103 | Sewer    | Reached XP level 5. HP: 24/24 MP: 0/11
  2346 | D:4      | Reached XP level 6. HP: 28/28 MP: 5/13
  2373 | D:5      | Entered Level 5 of the Dungeon
  2682 | D:4      | Noticed Edmund
  2719 | D:4      | Killed Edmund
  2719 | D:4      | Reached skill level 5 in Dodging
  2719 | D:4      | Reached skill level 1 in Shields
  2838 | D:4      | Reached skill level 7 in Stealth
  2838 | D:4      | Reached XP level 7. HP: 18/32 MP: 0/14
  3135 | D:4      | Killed Eustachio
  3135 | D:4      | Reached skill level 1 in Ice Magic
  3562 | D:3      | Reached skill level 8 in Stealth
  3707 | D:5      | Reached skill level 5 in Hexes
  3841 | D:5      | Reached skill level 5 in Spellcasting
  3849 | D:5      | Reached * piety under Ashenzari
  3889 | D:6      | Reached XP level 8. HP: 36/37 MP: 2/16
  3995 | D:5      | Reached skill level 9 in Stealth
  4077 | D:5      | Mangled by a gnoll sergeant

Skill      XL: |  1  2  3  4  5  6  7  8 |
---------------+-------------------------+-----
Spellcasting   | 3 4 5 |  5.7
Hexes          | 4 5 |  5.2
Stealth        | 5 6 7 8 9 |  9.2
Dodging        | 4 5 6 |  6.3
Short Blades   | 2 3 |  3.8
Shields        | 1 2 |  2.4
Ice Magic      | 1 |  1.2
Fighting       | |  0.7

Action                   |  1- 3 |  4- 6 |  7- 9 || total
-------------------------+-------+-------+-------++-------
Melee: Dagger            |   147 |    80 |    82 ||   309
 Cast: Corona            |     9 |       |       ||     9
       Ensorcelled Hiber |    20 |    19 |    42 ||    81
       Confuse           |       |     7 |     3 ||    10
       Dazzling Spray    |       |       |     1 ||     1
Invok: Curse Item        |     2 |       |       ||     2
  Use: Scroll            |       |       |     6 ||     6
       Potion            |       |       |     1 ||     1
 Stab: Sleeping          |    25 |    11 |    34 ||    70
       Confused          |       |     5 |     4 ||     9
  Eat: Royal jelly       |       |     1 |       ||     1
       Pizza             |       |       |     1 ||     1
Armor: Robe              |    14 |     8 |     5 ||    27
Dodge: Dodged            |    99 |    74 |    56 ||   229
